 Dungeon Crawl Stone Soup version 0.31.0-32-g396128a36d (webtiles) character file.

Game seed: 16814043668627033131

69 nightchill the Trooper (level 4, 41/41 HPs)
             Began as a Minotaur Fighter on Mar 4, 2024.
             Quit the game on level 2 of the Dungeon on Apr 6, 2024.
             The game lasted 00:01:27 (1580 turns).

nightchill the Trooper (Minotaur Fighter)           Turns: 1580, Time: 00:01:28

Health: 41/41      AC:  6    Str: 22    XL:     4   Next: 2%
Magic:  3/3        EV:  9    Int:  5    God:
Gold:   121        SH:  4    Dex: 10    Spells: 3/3 levels left

rFire   . . .        a - +0 war axe
rCold   . . .        c - +0 buckler
rNeg    . . .        b - +0 scale mail
rPois   .            (helmet restricted)
rElec   .            (no cloak)
rCorr   .            (no gloves)
SInv    .            (no boots)
Will    .....        (no amulet) Stlth
                     (no ring)
HPRegen 0.26/turn    (no ring)
MPRegen 0.08/turn

%: no passive effects
@: no status effects
A: horns 2, retaliatory headbutt
a: no special abilities


You were on level 2 of the Dungeon.
You visited 1 branch of the dungeon, and saw 2 of its levels.

You collected 121 gold pieces.

Inventory:

Hand Weapons
 a - a +0 war axe (weapon)
Armour
 b - a +0 scale mail (worn)
 c - a +0 buckler (worn)
Scrolls
 e - a scroll of enchant armour {unknown}
 f - a scroll of noise {unknown}
 i - 2 scrolls of identify {unknown}
 m - a scroll of blinking {unknown}
 n - a scroll of amnesia {unknown}
Potions
 d - a potion of might
 g - 2 potions of degeneration {unknown}
 h - 2 potions of resistance {unknown}
 j - 3 potions of heal wounds {unknown}
 k - a potion of attraction {unknown}
 l - 2 potions of lignification {unknown}
 o - a potion of invisibility {unknown}
 p - a potion of mutation {unknown}
 q - a potion of enlightenment {unknown}
 r - a potion of brilliance {unknown}


   Skills:
 + Level 4.5 Fighting
 * Level 4.5 Axes
 - Level 3.6 Armour
 - Level 3.6 Shields


You had 3 spell levels left.
You didn't know any spells.
Your spell library contained the following spells:

 Spells                   Type           Power      Damage    Failure   Level
 Ensorcelled Hibernation  Hex/Ice        0%         N/A       95%         2
 Fugue of the Fallen      Necr           0%         N/A       99%         3
 Summon Ice Beast         Ice/Summ       0%         N/A       99%         3
 Anguish                  Hex/Necr       0%         N/A       100%        4
 Summon Mana Viper        Hex/Summ       0%         N/A       100%        5
 Monstrous Menagerie      Summ           0%         N/A       100%        7


Dungeon Overview and Level Annotations

Branches:
Dungeon (2/15)

Altars:


Innate Abilities, Weirdness & Mutations

You have a pair of horns on your head.
You reflexively headbutt those who attack you in melee.


Message History

a +0 whip; 3 stones; a kobold corpse
o - a glowing sapphire potion;
p - a coppery potion
q - a fizzy emerald potion An endoplasm comes into view.
An adder comes into view.
Found a fuming ruby potion.
The adder hisses angrily.
You slash the endoplasm!
You kill the endoplasm!
You closely miss the adder. The adder bites you.
You miss the adder. The adder barely misses you. The adder bites you.
You miss the adder.
The adder bites you but does no damage. x2
You hit the adder.
The adder is moderately wounded.
The adder bites you but does no damage. The adder closely misses you.
You slash the adder!
You kill the adder!
No target in view!
No target in view!
r - a fuming ruby potion A rat comes into view.
A rat is nearby!
The rat squeaks loudly.
You hit the rat. You headbutt the rat.
You kill the rat!
You have reached level 4!
You feel agile.
Found a stone staircase leading down.
You now have 110 gold pieces (gained 11).
You now have 121 gold pieces (gained 11).
Found a pair of boots.
You see here a +0 pair of boots.
A goblin comes into view. It is wielding a +0 dagger.
The goblin shouts!
Found 7 gold pieces.
You barely miss the goblin. The goblin hits you but does no damage.
You slash the goblin!
You kill the goblin!
No target in view!
Are you sure you want to abandon this character and quit the game? (Confirm with "yes".)

..# ###.# ..# . .## .+
.# #.# .. #########
.###.##.# #.......#
...#.##.###.......#
.#........$....)..##
.#<#.##.### #@..#
...#......##.###.#.#
##.#.##.#.##.......####
.#......#.########[...#
.....##.#.# ######.#
.....##...# #......#
.....##.### #.######
#....#.†..# #.#
#.##.#..#.# #.#


There were no monsters in sight!

Vanquished Creatures
  2 adders (D:2)
  2 dart slugs (D:1)
  7 ball pythons
  7 endoplasms
  A giant cockroach (D:1)
  3 goblins
  6 hobgoblins
  4 jackals (D:1)
  A quokka (D:1)
  2 frilled lizards (D:1)
  2 kobolds
  5 rats
42 creatures vanquished.

Notes
Turn   | Place    | Note
-------+----------+-------------------------------------------
     0 | D:1      | nightchill the Minotaur Fighter began the quest for the
                  | Orb.
     0 | D:1      | Reached XP level 1. HP: 19/19 MP: 0/0
   226 | D:1      | Reached XP level 2. HP: 27/27 MP: 1/1
   824 | D:1      | Reached XP level 3. HP: 33/33 MP: 2/2
  1340 | D:2      | Upgraded the game from 0.31.0-12-g77e489cdc1 to
                  | 0.31.0-32-g396128a36d
  1494 | D:2      | Reached XP level 4. HP: 41/41 MP: 3/3
  1580 | D:2      | Quit the game

Illustrated notes

Levels and vault maps discovered:
D:1:      amcnicky_arrival_abandoned_market, layout_basic, minmay_octomino_c4
D:2:      layout_basic, serial_shops, nicolae_shop_just_a_little_nook,
          kennysheep_path_1, uniq_natasha

Skill      XL: |  1  2  3 |
---------------+----------+-----
Axes           | 3 4 |  4.5
Fighting       | 4 |  4.5
Armour         | |  3.6
Shields        | |  3.6

Action                     |  1- 3 |  4- 6 || total
---------------------------+-------+-------++-------
  Melee: War axe           |    69 |     2 ||    71
         Headbutt          |    12 |       ||    12
 Armour: Scale mail        |    49 |     1 ||    50
  Dodge: Dodged            |    24 |       ||    24
  Block: Buckler           |     9 |       ||     9
